 Dungeon Crawl Stone Soup version 0.30-a0-269-gf0224bf7b6 (webtiles) character file.

Game seed: 110519798761214269

31 bande the Covered (level 3, 0/23 HPs)
             Began as a Gargoyle Fighter on Oct 14, 2022.
             Slain by Jessica
             ... wielding a +0 club
              (2 damage)
             ... on level 2 of the Dungeon.
             The game lasted 00:01:11 (714 turns).

bande the Covered (Gargoyle Fighter)                 Turns: 714, Time: 00:01:11

Health: 0/23       AC: 10    Str: 19    XL:     3   Next: 22%
Magic:  3/3        EV:  9    Int:  8    God:
Gold:   41         SH:  5    Dex: 17    Spells: 2/2 levels left

rFire   . . .      SeeInvis .    a - +0 war axe
rCold   . . .      Faith    .    c - +0 buckler
rNeg    + . .      Spirit   .    b - +0 scale mail
rPois   ∞          Reflect  .    (no helmet)
rElec   +          Harm     .    (no cloak)
rCorr   .          Rampage  .    (no gloves)
Will    .....                    (no boots)
Stlth   ..........               (no amulet)
HPRegen 0.23/turn                k - +6 ring of dexterity
MPRegen 0.08/turn                (no ring)

@: slowed, very slow
A: sickness immunity, AC +3, negative energy resistance 1, electricity
resistance, torment resistance 1, petrification resistance
a: no special abilities


You were on level 2 of the Dungeon.
You visited 1 branch of the dungeon, and saw 2 of its levels.

You collected 41 gold pieces.

Inventory:

Hand Weapons
 a - a +0 war axe (weapon)
Armour
 b - a +0 scale mail (worn)
 c - a +0 buckler (worn)
Jewellery
 k - a +6 ring of dexterity (left hand)
Scrolls
 e - 3 scrolls of identify {unknown}
 f - 2 scrolls of fear {unknown}
 h - a scroll of teleportation {unknown}
 i - a scroll of noise {unknown}
Potions
 d - 2 potions of might
 g - a potion of degeneration {unknown}
 j - 2 potions of lignification {unknown}
 l - a potion of mutation {unknown}


   Skills:
 + Level 3.5 Fighting
 + Level 2.1 Axes
 + Level 4.0 Armour
 + Level 3.6 Shields


You had 2 spell levels left.
You didn't know any spells.
Your spell library contained the following spells:

 Spells                   Type           Power      Damage    Failure   Level
 Apportation              Tloc           0%         N/A       86%         1
 Kiss of Death            Conj/Necr      0%         2d5       86%         1
 Necrotise                Necr           0%         1d4       86%         1
 Sandblast                Erth           0%         2d4       86%         1
 Summon Small Mammal      Summ           0%         N/A       86%         1
 Passwall                 Tmut/Erth      0%         N/A       94%         2
 Confusing Touch          Hex            0%         N/A       99%         3
 Stone Arrow              Conj/Erth      0%         3d7       99%         3
 Dispel Undead            Necr           0%         3d6       100%        4


Dungeon Overview and Level Annotations

Branches:
Dungeon (2/15)

Altars:
Xom

Annotations:
D:2 Jessica


Innate Abilities, Weirdness & Mutations

You are immune to sickness and miasma.
Your stone body is resilient. (AC +3)
You are immune to poison.
You resist negative energy. (rN+)
You are resistant to electric shocks. (rElec)
You are resistant to unholy torment.
You are immune to petrification.


Message History

Jessica the Apprentice Sorceress comes into view.
She is wielding a +0 club and carrying a wand of digging (4).
Found a stone staircase leading up.
Jessica shouts!
Jessica drinks a potion.
Jessica flickers and vanishes!
Deactivating autopickup; reactivate with Ctrl-A.
The kobold hits you with a +3 short sword.
You closely miss the kobold.
The kobold hits you with a +3 short sword.
The kobold completely misses you.
You hear some strange, mumbled words.
Pain shoots through your body!
You barely miss the kobold. You barely miss something.
You block the kobold's attack. Something hits you.
You closely miss the kobold. You miss something. The kobold barely misses you.
Something hits you. x2; The kobold closely misses you.
You slash the kobold!
You kill the kobold!
You barely miss something. You block something's attack.
No target in view!
No target in view!
No target in view!
No target in view!
No target in view!
No target in view!
No target in view!
You hear some strange, mumbled words.
Pain shoots through your body! Something hits you.
Things that are here:
a +3 short sword; 10 gold pieces; a kobold corpse You hear some strange, mumbled words.
Something hits you.
You hear some strange, mumbled words.
You feel yourself slow down.
Something hits you but does no damage. x2
Something hits you. Pain shoots through your body!
* * * LOW HITPOINT WARNING * * *
There is a stone staircase leading up here.
Something hits you.
You die...

#.##.# #
......
#.##.##.#
###.##
#.......# ...
####.######
#.# #.# .. #
#. ###.### .#
#.# # #.....#
.##....
...####
#..)..##....#
#.....
#......@.#
#.#...
#.....##...#
#.....
#.....#
......#
#.....
#######
#######
#..... #.#...
#..... ######
#... #.##


There were no monsters in sight!

Vanquished Creatures
  2 giant cockroaches (D:1)
  A hobgoblin (D:1)
  9 jackals
  2 kobolds
  3 quokkas
  2 bats
  2 frilled lizards
  6 rats (D:1)
27 creatures vanquished.

Vanquished Creatures (others)
  2 plants (D:1)
2 creatures vanquished.

Grand Total: 29 creatures vanquished

Notes
Turn   | Place    | Note
-------+----------+-------------------------------------------
     0 | D:1      | bande the Gargoyle Fighter began the quest for the Orb.
     0 | D:1      | Reached XP level 1. HP: 14/14 MP: 1/1
    67 | D:1      | Reached XP level 2. HP: 15/19 MP: 2/2
   473 | D:2      | Reached XP level 3. HP: 23/23 MP: 3/3
   564 | D:2      | Reached skill level 4 in Armour
   665 | D:2      | Found a shimmering altar of Xom.
   701 | D:2      | Noticed Jessica
   714 | D:2      | Slain by Jessica

Illustrated notes

Levels and vault maps discovered:
D:1:      dpeg_arrival_three_same_balls, layout_rooms, serial_bayou_pond_c
D:2:      layout_loops_cross, basic_altar, uniq_natasha, uniq_jessica

Skill      XL: |  1  2  3 |
---------------+----------+-----
Axes           | 2 |  2.1
Armour         | 4 |  4.0
Fighting       | |  3.5
Shields        | |  3.6

Action                   || total
-------------------------++-------
Melee: War axe           ||    83
Armor: Scale mail        ||    50
Dodge: Dodged            ||    43
Block: Buckler           ||    19

Table legend: (Time is in decaauts)
 A = Elapsed time spent in this place.
 B = Non-inter-level travel time spent in this place.
 C = Inter-level travel time spent in this place.
 D = Time resting spent in this place.
 E = Time spent auto-exploring this place.
 F = Levels seen in this place.
 G = Mean time per level.
                   A        B        C        D        E       F      G
               +--------+--------+--------+--------+--------+-----+--------+
         Total |    761 |    761 |      0 |      0 |    534 |   2 |  380.5 |
       Dungeon |    761 |    761 |      0 |      0 |    534 |   2 |  380.5 |
               +--------+--------+--------+--------+--------+-----+--------+

Top non-repeatable levels by time:
     D:1: 506 daAuts
     D:2: 255 daAuts
